 Dungeon Crawl Stone Soup version 0.26.1-11-gd32895ea62 (webtiles) character file.

Game seed: 3269746954982912065

88 Martska the Skirmisher (level 4, 12/36 HPs)
             Began as a Demonspawn Fighter on July 11, 2021.
             Quit the game on level 2 of the Dungeon.
             The game lasted 00:02:08 (2404 turns).

Martska the Skirmisher (Demonspawn Fighter)         Turns: 2404, Time: 00:02:08

Health: 12/36      AC:  6    Str: 17    XL:     4   Next: 29%
Magic:  4/4        EV: 12    Int: 12    God:
Gold:   137        SH:  9    Dex: 12    Spells: 3/3 levels left

rFire    . . .     SeeInvis .     - Unarmed
rCold    . . .     Faith    .   b - +0 kite shield
rNeg     . . .     Spirit   .   a - +0 scale mail
rPois    .         Reflect  .   (no helmet)
rElec    .         Harm     .   (no cloak)
rCorr    .         Rampage  .   (no gloves)
Will     .....                  (no boots)
Stlth    ..........             (no amulet)
HPRegen  0.12/turn              (no ring)
MPRegen  0.09/turn              (no ring)

@: agile
A: spiny 1, big brain 1
a: no special abilities


You were on level 2 of the Dungeon.
You visited 1 branch of the dungeon, and saw 2 of its levels.

You collected 137 gold pieces.

Inventory:

Armour
 a - a +0 scale mail (worn)
 b - a +0 kite shield (worn)
Scrolls
 d - a scroll of amnesia {unknown}
 e - 2 scrolls of remove curse {unknown}
 g - 3 scrolls of fog {unknown}
 h - 2 scrolls of identify {unknown}
 k - 2 scrolls of magic mapping {unknown}
 l - a scroll of teleportation {unknown}
 n - a scroll of enchant armour {unknown}
Potions
 c - 2 potions of might
 f - a potion of attraction {unknown}
 i - 2 potions of cancellation {unknown}
 j - 2 potions of flight {unknown}
 m - a potion of lignification {unknown}


   Skills:
 * Level 3.6 Fighting
 - Level 2.6 Armour
 * Level 1.5 Dodging
 * Level 3.3 Shields
 * Level 2.5 Unarmed Combat


You had 3 spell levels left.
You didn't know any spells.
Your spell library was empty.

Dungeon Overview and Level Annotations

Branches:
Dungeon (2/15)

Altars:


Innate Abilities, Weirdness & Mutations

You are partially covered in sharp spines.
You have an unusually large brain. (Int +2)


Message History

Crazy Yiuf hits you with a +3 quarterstaff of chaos.
You blink.
Crazy Yiuf says, "Buddy cower seventy!"
You barely miss Crazy Yiuf.
Crazy Yiuf is almost dead.
You closely miss Crazy Yiuf.
Crazy Yiuf is almost dead.
You block Crazy Yiuf's attack.
You hit Crazy Yiuf.
Crazy Yiuf is almost dead.
Crazy Yiuf is struck by your spines.
You kill Crazy Yiuf!
Your life force feels restored.
You have reached level 4!
You feel clever.
Your demonic ancestry asserts itself...
Your brain expands.
i - 2 bubbling red potions (gained 1)
Things that are here:
a +3 quarterstaff of chaos; a +2 cloak of stealth; the gnoll corpse of Crazy Yiuf Are you sure you want to abandon this character and quit the game? (Confirm with "yes".)

#....##..'....
##################.########....
#........................######
#.############.................
#.# ######..)......... #.#
#####........ #.###♣♣♣♣♣
#<....... #.##...♣.♣♣♣#####
#........ #.)..)..♣..♣#.@.#
#.......> #......♣♣♣♣.'...#
#........ ##.#..♣♣ ♣♣#..)#
#........ ####♣♣ #####
#........ #........ ########.
#. #. #.


There were no monsters in sight!

Vanquished Creatures
  Crazy Yiuf (D:2)
  An adder (D:2)
  3 dart slugs (D:1)
  3 giant cockroaches
  7 goblins
  7 hobgoblins
  5 jackals (D:2)
  3 kobolds
  A ball python (D:1)
  3 bats
  3 frilled lizards (D:1)
  4 rats (D:1)
41 creatures vanquished.

Notes
Turn   | Place    | Note
-------+----------+-------------------------------------------
     0 | D:1      | Martska the Demonspawn Fighter began the quest for the Orb.
     0 | D:1      | Reached XP level 1. HP: 18/18 MP: 1/1
   172 | D:1      | Gained mutation: You are partially covered in sharp spines.
                  | [demonic ancestry]
   172 | D:1      | Reached XP level 2. HP: 19/24 MP: 2/2
   861 | D:1      | Reached skill level 1 in Dodging
   861 | D:1      | Reached XP level 3. HP: 19/29 MP: 3/3
  2179 | D:2      | Found a runed translucent door.
  2180 | D:2      | Noticed Crazy Yiuf
  2401 | D:2      | Killed Crazy Yiuf
  2402 | D:2      | Gained mutation: You have an unusually large brain. (Int
                  | +2) [demonic ancestry]
  2402 | D:2      | Reached XP level 4. HP: 12/36 MP: 4/4
  2404 | D:2      | Quit the game

Illustrated notes

Levels and vault maps discovered:
D:1:      dpeg_arrival_tiny_c, layout_basic
D:2:      layout_basic, kennysheep_nub, minmay_hexomino_u4,
          uniq_crazy_yiuf_cottage

Skill      XL: |  1  2 |
---------------+-------+-----
Unarmed Combat | 2 |  2.5
Shields        | 3 |  3.3
Dodging        | 1 |  1.5
Fighting       | |  3.6
Armour         | |  2.6

Action                   |  1- 3 |  4- 6 || total
-------------------------+-------+-------++-------
Melee: Unarmed           |   171 |       ||   171
Armor: Scale mail        |    49 |       ||    49
Dodge: Dodged            |    43 |       ||    43
Block: Kite shield       |    74 |       ||    74
